 Dungeon Crawl Stone Soup version 0.28-a0-845-gfc338a8e3c (webtiles) character file.

Game seed: 1201567790391604061

351 Conn the Firebug (level 6, -3/37 HPs)
             Began as an Octopode Fire Elementalist on Nov 13, 2021.
             Was an Initiate of Sif Muna.
             Slain by a wyvern zombie (10 damage)
             ... on level 6 of the Dungeon.
             The game lasted 00:07:09 (4887 turns).

Conn the Firebug (Octopode Fire Elementalist)       Turns: 4887, Time: 00:07:12

Health: -3/37      AC:  1    Str:  7 (8)  XL:     6   Next: 61%
Magic:  9/10       EV: 13    Int: 18 (19) God:    Sif Muna [......]
Gold:   173        SH:  0    Dex: 10 (12) Spells: 0/11 levels left

rFire   + . .      SeeInvis .   l - +2 short sword (venom)
rCold   x . .      Faith    +   (no shield)
rNeg    . . .      Spirit   .   (helmet restricted)
rPois   .          Reflect  .   b - amulet of faith
rElec   .          Harm     .   f - ring of fire
rCorr   .          Rampage  .   (no ring)
Will    .....                   (no ring)
Stlth   +++.......              (no ring)
HPRegen 0.12/turn               (no ring)
MPRegen 0.12/turn               (no ring)
                                (no ring)
                                (no ring)

@: no status effects
A: almost no armour, amphibious, 8 rings, camouflage 1, gelatinous body 1,
(nimble swimmer 1), tentacles
a: Renounce Religion


You were on level 6 of the Dungeon.
You worshipped Sif Muna.
Sif Muna was noncommittal.
You visited 2 branches of the dungeon, and saw 6 of its levels.

You collected 173 gold pieces.

Inventory:

Hand Weapons
 a - a +0 dagger
 d - a +0 short sword
 h - a +4 quarterstaff of chaos
 l - a +2 short sword of venom (weapon)
 r - a +2 trident of flaming
Jewellery
 b - an amulet of faith (around mantle)
 f - a ring of fire (left tentacle)
Scrolls
 c - a scroll of enchant armour {unknown}
 j - 3 scrolls of identify {unknown}
 m - a scroll of teleportation {unknown}
 n - a scroll of vulnerability {unknown}
 q - 2 scrolls of blinking {unknown}
 s - a scroll of fog {unknown}
Potions
 e - a potion of curing {unknown}
 g - a potion of heal wounds {unknown}
 i - a potion of degeneration
 k - 2 potions of attraction {unknown}
 o - a potion of resistance {unknown}
 p - a potion of lignification {unknown}


   Skills:
 + Level 0.5 Fighting
 + Level 1.0 Short Blades
 + Level 0.3 Staves
 + Level 2.7 Dodging
 + Level 4.2 Stealth
 + Level 3.2 Spellcasting
 + Level 3.3 Conjurations
 + Level 4.4 Fire Magic


You couldn't memorise any spells.
You knew the following spells:

 Your Spells              Type           Power      Damage    Failure   Level
a - Foxfire               Conj/Fire      100%       2x1d9     3%          1
b - Conjure Flame         Conj/Fire      25%        6-21      10%         3
c - Inner Flame           Hex/Fire       16%        N/A       19%         3
d - Flame Wave            Conj/Fire      25%        3d6       32%         4

Your spell library contained the following spells:

 Spells                   Type           Power      Damage    Failure   Level
 Scorch                   Fire           56%        2d7       4%          2
 Slow                     Hex            8%         N/A       16%         1
 Confusing Touch          Hex            2%         N/A       43%         3
 Vampiric Draining        Necr           2%         2d6       43%         3


Dungeon Overview and Level Annotations

Branches:
Dungeon (6/15)             Temple (1/1) D:6

Altars:
Ashenzari
Cheibriados
Elyvilon
Fedhas
Nemelex Xobeh
Okawaru
Ru
Sif Muna
Trog
Uskayaw
Wu Jian
Yredelemnul
The Shining One

Shops:
D:1 *   D:2 [


Innate Abilities, Weirdness & Mutations

You cannot wear most types of armour.
You are amphibious.
You can wear up to eight rings at the same time.
Your skin changes colour to match your surroundings (Stealth+).
Your rubbery body absorbs attacks. (AC +1, EV +1)
((You are camouflaged near water. (Stealth+)))
You have tentacles for arms and can constrict up to eight enemies at once.


Message History

The orc priest hits you with a +0 dagger.
* * * LOW HITPOINT WARNING * * *
Unknown command.
You hit the orc priest.
The orc priest is poisoned.
The orc priest is heavily wounded.
You constrict the orc priest.
The orc priest hits you with a +0 dagger.
* * * LOW HITPOINT WARNING * * *
Unknown command.
Casting: Foxfire (safe; 3% risk of failure)
Confirm with . or Enter, or press ? or * to list all spells.
Okay, then.
You release your grip on the orc priest.
Unknown command.
Casting: Foxfire (safe; 3% risk of failure)
Confirm with . or Enter, or press ? or * to list all spells.
You feel a surge of power!
You conjure some foxfire!
The orc priest hits you with a +0 dagger.
* * * LOW HITPOINT WARNING * * *
The foxfire hits the orc.
The orc is moderately wounded.
You hit the orc priest.
You kill the orc priest!
Sif Muna accepts your kill.
The foxfire hits the orc but does no damage.
The orc is moderately wounded.
Your Short Blades skill increases to level 1!
Unknown command.
The orc closely misses you.
There is a stone staircase leading down here.
The orc misses you.
A wyvern zombie comes into view.
Okay, then.
It was a potion of degeneration.
There was something very wrong with that liquid.
You feel weakened.
You feel dopey.
You feel clumsy. The wyvern zombie bites you.
* * * LOW HITPOINT WARNING * * *
The orc misses you. The wyvern zombie bites you!
You die...

... ... #.# #.#.##..
....##.## #.###.#.##..
........####..........#
#....)............####
######.##########.#
##.# #.# #..# #.. #Z##
#... #@# ##.##
#.########o# .#
...........######
...........o.o..#
#######.#######o# #.#
#.# ###########.# #o#
............# #.#
########.##.# #o#


You could see 2 orcs and a wyvern zombie.

Vanquished Creatures
  A howler monkey (D:6)
  A hound (D:6)
  A bullfrog skeleton (D:6)
  An orc priest (D:6)
  Crazy Yiuf (D:2)
  An iguana (D:6)
  2 gnolls (D:1)
  5 adders
  A white imp (D:4)
  An adder skeleton (D:4)
  2 dart slugs (D:1)
  8 orcs
  A ball python (D:2)
  5 endoplasms
  3 giant cockroaches
  6 hobgoblins
  8 jackals
  7 kobolds
  5 quokkas
  11 bats
  5 frilled lizards
  6 goblins
  7 rats
89 creatures vanquished.

Vanquished Creatures (collateral kills)
  A foxfire (D:2)
1 creature vanquished.

Vanquished Creatures (others)
  221 foxfires
  A fungus (D:2)
222 creatures vanquished.

Grand Total: 312 creatures vanquished

Notes
Turn   | Place    | Note
-------+----------+-------------------------------------------
     0 | D:1      | Conn the Octopode Fire Elementalist began the quest for the
                  | Orb.
     0 | D:1      | Reached XP level 1. HP: 11/11 MP: 3/3
   109 | D:1      | Reached XP level 2. HP: 17/17 MP: 0/5
   410 | D:1      | Reached XP level 3. HP: 21/21 MP: 0/6
  1212 | D:1      | Found Yxtit's General Store.
  1676 | D:2      | Found a faded altar of an unknown god.
  1717 | D:2      | Reached XP level 4. HP: 26/27 MP: 7/7
  1772 | D:2      | Found a runed translucent door.
  1779 | D:2      | Learned a level 3 spell: Conjure Flame
  1783 | D:2      | Learned a level 3 spell: Inner Flame
  1785 | D:2      | Noticed Crazy Yiuf
  1857 | D:2      | Found Awofuec's Antique Armour Shoppe.
  1895 | D:2      | Killed Crazy Yiuf
  2317 | D:2      | Reached XP level 5. HP: 31/31 MP: 6/9
  3868 | D:4      | Found an ornate altar of the Wu Jian Council.
  4293 | D:4      | Found a blossoming altar of Fedhas.
  4387 | D:4      | You fall into a shaft and drop 2 floors!
  4396 | D:6      | Reached XP level 6. HP: 36/36 MP: 10/10
  4401 | D:6      | Learned a level 4 spell: Flame Wave
  4477 | D:6      | Found a staircase to the Ecumenical Temple.
  4491 | Temple   | Entered the Ecumenical Temple
  4575 | Temple   | Became a worshipper of Sif Muna the Loreminder
  4855 | D:6      | Reached skill level 1 in Short Blades
  4887 | D:6      | Slain by a wyvern zombie

Illustrated notes

Levels and vault maps discovered:
D:1:      giann_wishing_wells, layout_basic, serial_shops, shop,
          hex_intersection
D:2:      layout_rooms, shapermc_ecumenical_altar_mp_ritualfount, serial_shops,
          nicolae_shop_window_shopping, hangedman_decor_growths, wad_orctagon,
          uniq_crazy_yiuf_cottage
D:3:      layout_loops_ring, minmay_tree_intersection
D:4:      layout_loops_corners, mainiacjoe_overflow_catch_the_wave,
          corexii_leaking_fountain
D:6:      layout_loops_ring, temple_hall
Temple:   eino_temple_scatter_basement

Skill      XL: |  1  2  3  4  5  6 |
---------------+-------------------+-----
Stealth        | 3 4 |  4.2
Conjurations   | 2 3 |  3.3
Fire Magic     | 4 |  4.4
Spellcasting   | 3 |  3.2
Short Blades   | 1 |  1.0
Fighting       | |  0.5
Staves         | |  0.3
Dodging        | |  2.7

Action                   |  1- 3 |  4- 6 || total
-------------------------+-------+-------++-------
Melee: Unarmed           |     9 |       ||     9
       Tentacles         |     6 |     8 ||    14
       Constrict         |     7 |     9 ||    16
       Dagger            |     9 |       ||     9
       Short sword       |     5 |    26 ||    31
       Quarterstaff      |       |    15 ||    15
 Cast: Foxfire           |    56 |    78 ||   134
       Inner Flame       |       |     1 ||     1
  Use: Potion            |       |     1 ||     1
 Stab: Sleeping          |     2 |     9 ||    11
       Distracted        |       |     1 ||     1
Armor: Skin              |     5 |     2 ||     7
Dodge: Dodged            |    11 |    36 ||    47

Table legend: (Time is in decaauts)
 A = Elapsed time spent in this place.
 B = Non-inter-level travel time spent in this place.
 C = Inter-level travel time spent in this place.
 D = Time resting spent in this place.
 E = Time spent auto-exploring this place.
 F = Levels seen in this place.
 G = Mean time per level.
                   A        B        C        D        E       F      G
               +--------+--------+--------+--------+--------+-----+--------+
         Total |   4892 |   4749 |    143 |      0 |   3802 |   6 |  815.3 |
       Dungeon |   4798 |   4664 |    134 |      0 |   3736 |   5 |  959.6 |
        Temple |     93 |     84 |      9 |      0 |     66 |   1 |   93.0 |
               +--------+--------+--------+--------+--------+-----+--------+

Top non-repeatable levels by time:
     D:1: 1561 daAuts
     D:2: 1420 daAuts
     D:3: 843 daAuts
     D:4: 565 daAuts
     D:6: 407 daAuts
  Temple: 93 daAuts
